PAAA
PAWNEE PARKSNREC @ ELLENBURG FIGHTING DACHSUNDS
06/19/2034
 
TOP OF THE 1ST
Pawnee ParksNRec batting - Pitching for Ellenburg Fighting Dachsunds : RHP Enrique Castro
Pitching: RHP Enrique Castro
Batting: RHB Jeremy Geertsen 0-0: Ground out 5-3 (Groundball, 56S)
Batting: RHB Dan Vanblarcom 0-0: Ball
1-0: Ball
2-0: SINGLE (Line Drive, 6M)
Batting: RHB Britt Lynch 0-0: Foul Ball, location: 2F
0-1: Ball
1-1: Ball
2-1: Fly out, F7 (Flyball, 78D)
Batting: RHB David Tineo 0-0: Swinging Strike
0-1: Ball
1-1: Ball
2-1: Foul Ball, location: 2F
2-2: Ball
3-2: Foul Ball, location: 2F
3-2: Foul Ball, location: 2F
3-2: Fly out, F7 (Flyball, 7D)
Top of the 1st over - 0 runs, 1 hit, 0 errors, 1 left on base; Pawnee 0 - Ellenburg 0
BOTTOM OF THE 1ST
Ellenburg Fighting Dachsunds batting - Pitching for Pawnee ParksNRec : RHP Wally Copeland
Pitching: RHP Wally Copeland
Batting: RHB Oscar McMillan 0-0: Ball
1-0: Ball
2-0: Fly out, F7 (Flyball, 78XD)
Batting: SHB Ben Boston 0-0: Ball
1-0: Foul Ball, location: 2F
1-1: Ground out U3 (Groundball, 34)
Batting: LHB Vladya Pugiev 0-0: Ball
1-0: Ball
2-0: Foul Ball, location: 2F
2-1: Foul Ball, location: 2F
2-2: Foul Ball, location: 2F
2-2: Strikes out swinging
Bottom of the 1st over - 0 runs, 0 hits, 0 errors, 0 left on base; Pawnee 0 - Ellenburg 0
TOP OF THE 2ND
Pawnee ParksNRec batting - Pitching for Ellenburg Fighting Dachsunds : RHP Enrique Castro
Batting: RHB Gustavo González 0-0: Called Strike
0-1: Ball
1-1: SINGLE (Groundball, 56S) (infield hit)
Batting: RHB Alan Patterson 0-0: Foul Ball, location: 2F
0-1: Foul Ball, location: 2F
0-2: Ball
1-2: Strikes out swinging
Batting: RHB Iván Rodríguez 0-0: Ball
1-0: Foul Ball, location: 2F
1-1: Foul Ball, location: 2F
1-2: Ball
2-2: Foul Ball, location: 2F
2-2: Foul Ball, location: 2F
2-2: Ball
3-2: Strikes out swinging
Batting: RHB Roberto Aguirre 0-0: Ball
1-0: Foul Ball, location: 2F
1-1: Ball
Passed Ball!
Gustavo González to second
2-1: Ball
3-1: Base on Balls
Batting: RHB Mike Lipide 0-0: Foul Ball, location: 2F
0-1: Foul Ball, location: 2F
0-2: Foul Ball, location: 2F
0-2: Ball
1-2: Ball
2-2: Strikes out swinging
Top of the 2nd over - 0 runs, 1 hit, 0 errors, 2 left on base; Pawnee 0 - Ellenburg 0
BOTTOM OF THE 2ND
Ellenburg Fighting Dachsunds batting - Pitching for Pawnee ParksNRec : RHP Wally Copeland
Batting: RHB Andrew Cantrell 0-0: Ball
1-0: Ball
2-0: Ball
3-0: Foul Ball, location: 2F
3-1: Called Strike
3-2: Base on Balls
Batting: RHB Asko Riikonen 0-0: Ball
1-0: Foul Ball, location: 2F
1-1: Fly out, F9 (Flyball, 9)
Batting: LHB Vicente Castaneda 0-0: Foul Ball, location: 2F
0-1: Ball
1-1: Ball
2-1: Ball
3-1: Base on Balls
Andrew Cantrell to second
Batting: RHB Manuel Rosales 0-0: Called Strike
Andrew Cantrell steals 3rd base
0-1: Ball
1-1: Ball
2-1: Swinging Strike
2-2: Ball
3-2: Foul Ball, location: 2F
3-2: Strikes out looking
Batting: RHB José Vázquez 0-0: Ball
1-0: Ball
2-0: Ball
3-0: Called Strike
3-1: Base on Balls
Vicente Castaneda to second
Batting: RHB Roy Bowman 0-0: Called Strike
0-1: Ball
1-1: Ball
2-1: Called Strike
2-2: Strikes out looking
Bottom of the 2nd over - 0 runs, 0 hits, 0 errors, 3 left on base; Pawnee 0 - Ellenburg 0
TOP OF THE 3RD
Pawnee ParksNRec batting - Pitching for Ellenburg Fighting Dachsunds : RHP Enrique Castro
Batting: RHB Jeremy Geertsen 0-0: Called Strike
0-1: Ball
1-1: Ball
2-1: Swinging Strike
2-2: Ball
3-2: SINGLE (Groundball, 56) (infield hit)
Batting: RHB Dan Vanblarcom 0-0: Ball
1-0: Ball
Balk!
Jeremy Geertsen to second
2-0: Called Strike
2-1: Ground out 4-3 (Groundball, 4)
Jeremy Geertsen to third
Batting: RHB Britt Lynch 0-0: Fly out, F9 (Flyball, 9S)
Runner from 3rd tags up, SCORES, throw made
Batting: RHB David Tineo 0-0: Called Strike
0-1: Ball
1-1: Called Strike
1-2: Strikes out swinging
Top of the 3rd over - 1 run, 1 hit, 0 errors, 0 left on base; Pawnee 1 - Ellenburg 0
BOTTOM OF THE 3RD
Ellenburg Fighting Dachsunds batting - Pitching for Pawnee ParksNRec : RHP Wally Copeland
Batting: RHB Oscar McMillan 0-0: Foul Ball, location: 2F
0-1: Called Strike
0-2: Ball
1-2: Ball
2-2: Foul Ball, location: 2F
2-2: Fly out, F3 (Line Drive, 3S)
Batting: SHB Ben Boston 0-0: Fly out, F4 (Line Drive, 4M)
Batting: LHB Vladya Pugiev 0-0: Ball
1-0: Ball
2-0: Called Strike
2-1: Fly out, F8 (Flyball, 89D)
Bottom of the 3rd over - 0 runs, 0 hits, 0 errors, 0 left on base; Pawnee 1 - Ellenburg 0
TOP OF THE 4TH
Pawnee ParksNRec batting - Pitching for Ellenburg Fighting Dachsunds : RHP Enrique Castro
Batting: RHB Gustavo González 0-0: Ball
1-0: Ball
2-0: Called Strike
2-1: Foul Ball, location: 2F
2-2: Foul Ball, location: 2F
2-2: Foul Ball, location: 2F
2-2: Foul Ball, location: 2F
2-2: Strikes out swinging
Batting: RHB Alan Patterson 0-0: Foul Ball, location: 2F
0-1: SINGLE (Groundball, 6MD)
Batting: RHB Iván Rodríguez 0-0: Called Strike
0-1: Ball
1-1: Foul Ball, location: 2F
1-2: Foul Ball, location: 2F
1-2: Foul Ball, location: 2F
1-2: Foul Ball, location: 2F
1-2: Ball
2-2: Foul Ball, location: 2F
2-2: Foul Ball, location: 2F
2-2: Ball
3-2: Fly out, F8 (Flyball, 89D)
Batting: RHB Roberto Aguirre 0-0: Called Strike
Throwing error on steal attempt, E2
Alan Patterson to third
0-1: Ball
1-1: Swinging Strike
1-2: Strikes out swinging, 2-3 out at first.
Top of the 4th over - 0 runs, 1 hit, 1 error, 1 left on base; Pawnee 1 - Ellenburg 0
BOTTOM OF THE 4TH
Ellenburg Fighting Dachsunds batting - Pitching for Pawnee ParksNRec : RHP Wally Copeland
Batting: RHB Andrew Cantrell 0-0: Called Strike
0-1: Foul Ball, location: 2F
0-2: Foul Ball, location: 2F
0-2: Ball
1-2: Ball
2-2: Ball
3-2: SINGLE (Groundball, 4MD)
Batting: RHB Asko Riikonen 0-0: Ball
1-0: Ball
2-0: Foul Ball, location: 2F
2-1: Foul Ball, location: 2F
2-2: SINGLE (Groundball, 6MD)
Andrew Cantrell to second
Runner from 2nd tries for 3rd, SAFE, no throw
Batting: LHB Vicente Castaneda 0-0: Ball
1-0: Grounds into double play, 5-4-3 (Groundball, 56)
Andrew Cantrell scores
Batting: RHB Manuel Rosales 0-0: Called Strike
0-1: Ball
1-1: Foul Ball, location: 2F
1-2: Foul Ball, location: 2F
1-2: Ground out 6-3 (Groundball, 6M)
Bottom of the 4th over - 1 run, 2 hits, 0 errors, 0 left on base; Pawnee 1 - Ellenburg 1
TOP OF THE 5TH
Pawnee ParksNRec batting - Pitching for Ellenburg Fighting Dachsunds : RHP Enrique Castro
Batting: RHB Mike Lipide 0-0: Fly out, F7 (Flyball, 7S)
Batting: RHB Jeremy Geertsen 0-0: Swinging Strike
0-1: Ball
1-1: Ball
2-1: Ground out 6-3 (Groundball, 6)
Batting: RHB Dan Vanblarcom 0-0: Foul Ball, location: 2F
0-1: Ball
1-1: Called Strike
1-2: Ball
2-2: Ball
3-2: Base on Balls
Batting: RHB Britt Lynch 0-0: Foul Ball, location: 2F
0-1: Foul Ball, location: 2F
0-2: Foul Ball, location: 2F
0-2: Strikes out looking
Top of the 5th over - 0 runs, 0 hits, 0 errors, 1 left on base; Pawnee 1 - Ellenburg 1
BOTTOM OF THE 5TH
Ellenburg Fighting Dachsunds batting - Pitching for Pawnee ParksNRec : RHP Wally Copeland
Batting: RHB José Vázquez 0-0: Foul Ball, location: 2F
0-1: Foul Ball, location: 2F
0-2: Foul Ball, location: 2F
0-2: Foul Ball, location: 2F
0-2: Ground out 5-3 (Groundball, 25)
Batting: RHB Roy Bowman 0-0: Called Strike
0-1: Ball
1-1: Foul Ball, location: 2F
1-2: Foul Ball, location: 2F
1-2: SOLO HOME RUN (Flyball, 7LD), Distance : 363 ft
Batting: RHB Oscar McMillan 0-0: Ball
1-0: Called Strike
1-1: Called Strike
1-2: Foul Ball, location: 2F
1-2: Strikes out looking
Batting: SHB Ben Boston 0-0: Called Strike
0-1: SINGLE (Groundball, 56D)
Batting: LHB Vladya Pugiev 0-0: Ball
1-0: Ball
2-0: Ball
3-0: Base on Balls
Ben Boston to second
Batting: RHB Andrew Cantrell 0-0: Called Strike
0-1: Swinging Strike
0-2: Strikes out swinging
Bottom of the 5th over - 1 run, 2 hits, 0 errors, 2 left on base; Pawnee 1 - Ellenburg 2
TOP OF THE 6TH
Pawnee ParksNRec batting - Pitching for Ellenburg Fighting Dachsunds : RHP Enrique Castro
Batting: RHB David Tineo 0-0: Ball
1-0: Ball
2-0: Ball
3-0: Called Strike
3-1: Base on Balls
Batting: RHB Gustavo González 0-0: Ball
1-0: Ball
2-0: Foul Ball, location: 2F
2-1: Foul Ball, location: 2F
2-2: Ball
3-2: Base on Balls
David Tineo to second
Batting: RHB Alan Patterson 0-0: Sac Bunt - play at first, batter OUT! 1-4
David Tineo to third
Gustavo González to second
Batting: RHB Iván Rodríguez 0-0: Ball
1-0: Foul Ball, location: 2F
1-1: Foul Ball, location: 2F
1-2: Ball
2-2: Ball
3-2: Ground out 6-3 (Groundball, 6)
Pitching: RHP Tupac Blanch
Batting: RHB Roberto Aguirre 0-0: Ball
1-0: Called Strike
1-1: Ball
2-1: Called Strike
2-2: Foul Ball, location: 2F
2-2: Foul Ball, location: 2F
2-2: Ground out 3-1 (Groundball, 34)
Top of the 6th over - 0 runs, 0 hits, 0 errors, 2 left on base; Pawnee 1 - Ellenburg 2
BOTTOM OF THE 6TH
Ellenburg Fighting Dachsunds batting - Pitching for Pawnee ParksNRec : RHP Wally Copeland
Pitching: LHP Luis Cuero
Batting: RHB Asko Riikonen 0-0: Ball
1-0: SOLO HOME RUN (Flyball, 7LD), Distance : 371 ft
Batting: LHB Vicente Castaneda 0-0: Ball
1-0: Swinging Strike
1-1: Ball
2-1: Foul Ball, location: 2F
2-2: Ground out 1-3 (Groundball, 13)
Batting: RHB Manuel Rosales 0-0: Ball
1-0: Ground out 5-3 (Groundball, 56)
Batting: RHB José Vázquez 0-0: Ball
1-0: Ball
2-0: SINGLE (Line Drive, 4MD)
Batting: RHB Roy Bowman 0-0: Ball
1-0: SINGLE (Groundball, 34D)
José Vázquez to second
Runner from 2nd tries for 3rd, SAFE, no throw
Batting: RHB Oscar McMillan 0-0: DOUBLE (Line Drive, 7LM)
José Vázquez scores
Roy Bowman to third
Runner from 3rd tries for Home, SAFE, no throw
Pitching: RHP Wendell Clingan
Pinch Runner at 2nd Ted Tullo:
Batting: SHB Ben Boston 0-0: Called Strike
0-1: Foul Ball, location: 2F
0-2: Ball
1-2: Ball
2-2: Ball
3-2: Ground out 5-3 (Groundball, 56)
Bottom of the 6th over - 3 runs, 4 hits, 0 errors, 1 left on base; Pawnee 1 - Ellenburg 5
TOP OF THE 7TH
Pawnee ParksNRec batting - Pitching for Ellenburg Fighting Dachsunds : RHP Tupac Blanch
Now in CF: Ted Tullo
Batting: RHB Mike Lipide 0-0: Swinging Strike
0-1: Swinging Strike
0-2: Foul Ball, location: 2F
0-2: Ball
1-2: Strikes out swinging
Batting: RHB Jeremy Geertsen 0-0: Ball
1-0: Ball
2-0: Called Strike
2-1: Ball
3-1: Base on Balls
Batting: RHB Dan Vanblarcom 0-0: Ball
Wild Pitch!
Jeremy Geertsen to second
1-0: Called Strike
1-1: Called Strike
1-2: Ball
2-2: Ball
3-2: Fly out, F9 (Flyball, 89S)
Batting: RHB Britt Lynch 0-0: Called Strike
0-1: Foul Ball, location: 2F
0-2: Ball
1-2: Ball
2-2: Foul Ball, location: 2F
2-2: Ground out 5-3 (Groundball, 56)
Top of the 7th over - 0 runs, 0 hits, 0 errors, 1 left on base; Pawnee 1 - Ellenburg 5
BOTTOM OF THE 7TH
Ellenburg Fighting Dachsunds batting - Pitching for Pawnee ParksNRec : RHP Wendell Clingan
Batting: LHB Vladya Pugiev 0-0: Called Strike
0-1: Fly out, F7 (Flyball, 78S)
Batting: RHB Andrew Cantrell 0-0: Foul Ball, location: 2F
0-1: SINGLE (Groundball, 6MD)
Batting: RHB Asko Riikonen 0-0: Called Strike
0-1: Called Strike
0-2: Strikes out swinging
Batting: LHB Vicente Castaneda 0-0: Swinging Strike
0-1: Ball
1-1: Foul Ball, location: 2F
1-2: Ball
2-2: DOUBLE (Popup, 4D)
Andrew Cantrell to third
Batting: RHB Manuel Rosales 0-0: Ball
1-0: Ball
2-0: Fly out, F5 (Line Drive, 56)
Bottom of the 7th over - 0 runs, 2 hits, 0 errors, 2 left on base; Pawnee 1 - Ellenburg 5
TOP OF THE 8TH
Pawnee ParksNRec batting - Pitching for Ellenburg Fighting Dachsunds : RHP Tupac Blanch
Batting: RHB David Tineo 0-0: Ball
1-0: Ball
2-0: Ball
3-0: Base on Balls
Batting: RHB Gustavo González 0-0: DOUBLE (Groundball, 3L)
David Tineo to third
Runner from 3rd tries for Home, SAFE, no throw
Batting: RHB Alan Patterson 0-0: Called Strike
0-1: Ball
1-1: Swinging Strike
1-2: Strikes out swinging
Batting: RHB Iván Rodríguez 0-0: Ball
1-0: Ball
2-0: Swinging Strike
2-1: Fly out, F4 (Popup, 13)
Batting: RHB Roberto Aguirre 0-0: Ball
1-0: Swinging Strike
1-1: Fly out, F3 (Popup, 34S)
Top of the 8th over - 1 run, 1 hit, 0 errors, 1 left on base; Pawnee 2 - Ellenburg 5
BOTTOM OF THE 8TH
Ellenburg Fighting Dachsunds batting - Pitching for Pawnee ParksNRec : RHP Wendell Clingan
Batting: RHB José Vázquez 0-0: Ball
1-0: Ball
2-0: Ball
3-0: Called Strike
3-1: Called Strike
3-2: Base on Balls
Batting: RHB Roy Bowman 0-0: 2-RUN HOME RUN (Flyball, 78XD), Distance : 426 ft
Pitching: RHP Mark Sanders
Batting: SHB Ted Tullo 0-0: Called Strike
0-1: SINGLE (Groundball, 4MD)
Batting: SHB Ben Boston 0-0: Foul Ball, location: 2F
0-1: Foul Ball, location: 2F
0-2: Ball
1-2: Fly out, F9 (Line Drive, 89D)
Batting: LHB Vladya Pugiev 0-0: Ball
1-0: Fly out, F9 (Flyball, 9S)
Batting: RHB Andrew Cantrell 0-0: Swinging Strike
0-1: Ball
1-1: Called Strike
1-2: Strikes out swinging
Bottom of the 8th over - 2 runs, 2 hits, 0 errors, 1 left on base; Pawnee 2 - Ellenburg 7
TOP OF THE 9TH
Pawnee ParksNRec batting - Pitching for Ellenburg Fighting Dachsunds : RHP Tupac Blanch
Now in LF: Mark Keys
Batting: RHB Mike Lipide 0-0: Ball
1-0: SINGLE (Groundball, 56D)
Batting: RHB Jeremy Geertsen 0-0: Foul Ball, location: 2F
0-1: Ball
1-1: Called Strike
1-2: Ground out 5-3 (Groundball, 56S)
Mike Lipide to second
Batting: RHB Dan Vanblarcom 0-0: Called Strike
0-1: Ball
1-1: Called Strike
1-2: Ground out 3-1 (Groundball, 34)
Mike Lipide to third
Batting: RHB Britt Lynch 0-0: Called Strike
0-1: Fly out, F8 (Flyball, 8RM)
Top of the 9th over - 0 runs, 1 hit, 0 errors, 1 left on base; Pawnee 2 - Ellenburg 7
Friday, March 29th, 2019 - OOTP Baseball 18.8 Build 76